 Dungeon Crawl Stone Soup version 0.21.1-1-g345015fe64 (webtiles) character file.

329 Oravi the Changer (level 6, -3/43 HPs)
             Began as a Merfolk Transmuter on May 15, 2018.
             Splashed by Ijyb's acid (7 damage)
             ... on level 3 of the Dungeon.
             The game lasted 00:08:33 (2705 turns).

Oravi the Changer (Merfolk Transmuter)              Turns: 2705, Time: 00:08:33

Health: -3/43      AC:  2    Str: 10    XL:     6   Next: 51%
Magic:  7/9        EV: 21    Int: 14    God:
Gold:   162        SH:  0    Dex: 20    Spells: 4/9 levels left

rFire    . . .     SeeInvis +     - Unarmed
rCold    . . .     Gourm    .   (shield currently unavailable)
rNeg     . . .     Faith    .   (armour currently unavailable)
rPois    x         Spirit   .   (helmet currently unavailable)
rElec    .         Reflect  .   (cloak currently unavailable)
rCorr    .         Harm     .   (gloves currently unavailable)
MR       .....                  (boots currently unavailable)
Stlth    ++........             (no amulet)
HPRegen  0.14/turn              i - ring of flight
MPRegen  0.11/turn              r - ring of see invisible

@: spider-form (expiring)
A: tiny, (change form in water), (swift swim), (stealthy swim)
a: End Transformation, Evoke Flight


You were on level 3 of the Dungeon.
You were not hungry.
You were a venomous arachnid creature.
You visited 1 branch of the dungeon, and saw 3 of its levels.

You collected 162 gold pieces.

Inventory:

Missiles
 a - 44 arrows
Armour
 b - a +0 robe (melded)
 h - a +2 pair of gloves of archery (melded)
 k - a +0 pair of boots (melded)
Jewellery
 i - a ring of flight (left front leg)
 j - an uncursed ring of ice
 r - a ring of see invisible (right front leg)
Scrolls
 e - 3 scrolls of identify
 g - a scroll of magic mapping
 l - 2 scrolls of amnesia
Potions
 f - a potion of haste
 m - a potion of curing
 n - a potion of invisibility
 o - a potion of magic {unknown}
 p - a potion of experience {unknown}
 s - a potion of brilliance
Books
 c - a book of Changes

   Spells                             Type                      Level
   a - Beastly Appendage              Transmutation                1
   b - Sticks to Snakes               Transmutation                2
   c - Spider Form                    Transmutation/Poison         3
   d - Ice Form                       Ice/Transmutation            4
   e - Blade Hands                    Transmutation                5
 t - a book of Cantrips

   Spells                             Type                      Level
   a - Confusing Touch                Hexes                        1
   b - Animate Skeleton               Necromancy                   1
   c - Summon Small Mammal            Summoning                    1
   d - Apportation                    Translocation                1
Comestibles
 d - 8 rations
 q - a chunk of flesh


   Skills:
 - Level 1.1 Fighting
 - Level 2.6 Dodging
 + Level 5.9 Unarmed Combat
 - Level 2.0 Spellcasting
 + Level 6.5 Transmutations


You had 4 spell levels left.
You knew the following spells:

 Your Spells              Type           Power        Failure   Level  Hunger
a - Spider Form           Tmut/Pois      ##........   38%         3    ####...
b - Sticks to Snakes      Tmut           ###.....     10%         2    ###....


Dungeon Overview and Level Annotations

Branches:
Dungeon (3/15)

Altars:

Annotations:
D:2 1 runed door
D:3 Ijyb; raetorn's ghost, amateur DDMo


Message History

Ijyb is lightly wounded.
Ijyb zaps a wand.
The bolt of acid hits you!
You are splashed with acid!
The acid burns!
* * * LOW HITPOINT WARNING * * *
You are too injured to fight recklessly!
You are too injured to fight recklessly!
You are too injured to fight recklessly!
You feel better. Ijyb completely misses you.
You hit Ijyb but do no damage.
Ijyb looks even sicker.
Ijyb is lightly wounded.
Ijyb closely misses you.
You hit Ijyb.
Ijyb is moderately wounded.
Ijyb closely misses you.
You hit Ijyb but do no damage.
Ijyb is heavily wounded.
Ijyb zaps a wand.
The bolt of acid hits you!
* * * LOW HITPOINT WARNING * * *
You are splashed with acid!
The acid burns!
You die...

#....... #.#####. #
#.# #. #. #.# #. #.#
#.# #. ###
#.########.#####.
..###...............
#.#.#############..
#s## #.. #g# #.# #.#
#.# #.# #.# #.# #..
#.# #.. #.# .... #.#
###.. ###


You could see Ijyb.

Vanquished Creatures
  Grinder (D:3)
  Jessica (D:3)
  4 adders (D:2)
  2 worms (D:2)
  6 dart slugs
  5 orcs (D:2)
  5 bats
  3 giant cockroaches (D:1)
  3 goblins (D:2)
  8 hobgoblins
  3 kobolds
  2 quokkas
  7 frilled lizards
  10 rats
60 creatures vanquished.

Notes
Turn   | Place    | Note
-------+----------+-------------------------------------------
     0 | D:1      | Oravi the Merfolk Transmuter began the quest for the Orb.
     0 | D:1      | Reached XP level 1. HP: 15/15 MP: 3/3
    84 | D:1      | Reached skill level 3 in Transmutations
   259 | D:1      | Reached XP level 2. HP: 19/21 MP: 3/5
   478 | D:1      | Reached XP level 3. HP: 26/26 MP: 4/6
   482 | D:1      | Learned a level 2 spell: Sticks to Snakes
   486 | D:1      | Learned a level 3 spell: Spider Form
   847 | D:2      | Found a runed door.
   915 | D:2      | Reached skill level 4 in Transmutations
  1166 | D:2      | Reached XP level 4. HP: 32/32 MP: 0/7
  2238 | D:3      | Reached skill level 5 in Transmutations
  2250 | D:3      | Noticed Grinder
  2273 | D:3      | Paralysed by Grinder for 3 turns
  2284 | D:3      | Killed Grinder
  2284 | D:3      | Reached skill level 5 in Unarmed Combat
  2284 | D:3      | Reached skill level 6 in Transmutations
  2284 | D:3      | Reached XP level 5. HP: 20/37 MP: 2/8
  2284 | D:3      | Reached XP level 6. HP: 24/43 MP: 2/9
  2297 | D:3      | Noticed raetorn's ghost (amateur DDMo)
  2302 | D:3      | Noticed Jessica
  2605 | D:3      | Killed Jessica
  2696 | D:3      | Noticed Ijyb
  2705 | D:3      | Splashed by Ijyb's acid

Skill      XL: |  1  2  3  4 |
---------------+-------------+-----
Transmutations | 3 4 6 |  6.5
Unarmed Combat | 4 5 |  5.9
Fighting       | |  1.1
Dodging        | |  2.6
Spellcasting   | |  2.0

Action                   |  1- 3 |  4- 6 || total
-------------------------+-------+-------++-------
Melee: Unarmed           |   108 |    74 ||   182
       Headbutt          |     7 |       ||     7
 Cast: Beastly Appendage |    15 |       ||    15
       Spider Form       |     3 |    17 ||    20
  Use: Potion            |     3 |     1 ||     4
       Scroll            |       |     8 ||     8
 Stab: Sleeping          |     2 |     1 ||     3
  Eat: Chunk             |     2 |     7 ||     9
Armor: Robe              |    10 |     2 ||    12
       Skin              |       |     2 ||     2
Dodge: Dodged            |    68 |    57 ||   125
